[Event "Titled Tuesday Blitz June 20 Late 2023"]
[White "Bjelobrk, Igor"]
[Black "Fiedorek, Michal"]
[WhiteFideId "4300726"]
[BlackFideId "1199528"]
[WhiteElo "2319"]
[BlackElo "2135"]
[Result "1-0"]
[Round "5"]
[TimeControl "180+2"]
[Date "2023.06.20"]
[WhiteClock "0:01:14"]
[BlackClock "0:00:39"]
[Board "91"]

1. d4 d5 2. c4 e6 3. Nf3 Nf6 4. g3 Bb4+ 5. Bd2 a5 6. Bg2 O-O 7. Qc1 dxc4 8. Qxc4 Bxd2+ 9. Nbxd2 Bd7 10. Ne5 c6 11. O-O Nd5 12. e3 Na6 13. Rfc1 f6 14. Nd3 Qe7 15. a3 Kh8 16. Ne4 Nb6 17. Qc2 e5 18. dxe5 fxe5 19. Qb3 Nd5 20. Nec5 Nxc5 21. Nxc5 Qf7 22. Rc2 Bc8 23. Rd1 Bg4 24. Rdd2 Qh5 25. Qxb7 Bf3 26. Bxf3 Qxf3 27. Qxc6 Rad8 28. Ne6 1-0


[Site "https://www.chess.com"]

[Event "Titled Tuesday Blitz June 20 Late 2023"]
[White "Janaszak, Dawid"]
[Black "Quiroga Jaquez, Angel Ivan"]
[WhiteFideId "1119206"]
[BlackFideId "5117801"]
[WhiteElo "2220"]
[BlackElo "2011"]
[Result "0-1"]
[Round "5"]
[TimeControl "180+2"]
[Date "2023.06.20"]
[WhiteClock "0:00:00"]
[BlackClock "0:00:14"]
[Board "92"]

1. e4 e5 2. Nf3 Nc6 3. d4 exd4 4. Nxd4 Bb4+ 5. Bd2 Bc5 6. Nf5 g6 7. Be3 Bb6 8. Bxb6 axb6 9. Ne3 Nge7 10. c4 d6 11. Nc3 O-O 12. Be2 f5 13. exf5 Nxf5 14. Nxf5 Bxf5 15. O-O Qe7 16. Bf3 Rae8 17. Qd2 Ne5 18. Bxb7 c6 19. Bxc6 Nxc6 20. Qd5+ Qf7 21. Qxc6 Bd3 22. Rfd1 Qxf2+ 23. Kh1 Bf5 24. Qxd6 Qxb2 25. Qd4 Bc2 26. Re1 Rd8 27. Qe5 Bf5 28. Nd5 Qxe5 29. Rxe5 Rd6 30. h3 Bd3 31. Rc1 Rf2 32. a4 Kf7 33. Re3 Bf5 34. Rb3 Be4 35. Ne3 Rdd2 36. Kg1 Rfe2 37. Rf1+ Kg7 38. Rf4 Bxg2 39. Rxb6 Re1+ 40. Kh2 Be4+ 41. Kg3 Rxe3+ 42. Kh4 Bf5 43. Rb7+ Kh6 0-1


[Site "https://www.chess.com"]

[Event "Titled Tuesday Blitz June 20 Late 2023"]
[White "Gubajdullin, Alexei"]
[Black "Jonkman, Harmen"]
[WhiteFideId "4141202"]
[BlackFideId "1002708"]
[WhiteElo "2279"]
[BlackElo "2368"]
[Result "0-1"]
[Round "5"]
[TimeControl "180+2"]
[Date "2023.06.20"]
[WhiteClock "0:00:09"]
[BlackClock "0:00:10"]
[Board "93"]

1. d4 d5 2. Nf3 Nf6 3. Bf4 c5 4. e3 Nc6 5. Nbd2 cxd4 6. exd4 Bf5 7. c3 h6 8. Ne5 Qb6 9. Qb3 Nd7 10. Nxd7 Qxb3 11. axb3 Bxd7 12. b4 a5 13. b5 Nd8 14. Nb3 a4 15. Nc5 a3 16. Rxa3 Rxa3 17. bxa3 e6 18. a4 b6 19. Nd3 Nb7 20. Bc7 Bd6 21. Bxb6 Ke7 22. Nc5 Rb8 23. Nxd7 Kxd7 24. a5 Bc7 25. Bxc7 Kxc7 26. a6 Nd6 27. Kd2 Nxb5 28. Bxb5 Rxb5 29. Ra1 Rb2+ 30. Ke3 Kb8 31. h4 Ka7 32. h5 Rc2 33. Ra3 Rc1 34. g4 f6 35. f3 Re1+ 36. Kd2 Rf1 37. Ke2 Rc1 38. f4 Rg1 39. Kf3 Rf1+ 40. Kg3 Rg1+ 41. Kf3 Rf1+ 42. Ke3 Rg1 43. f5 exf5 44. gxf5 Rf1 45. c4 dxc4 46. d5 Rxf5 47. Kd4 c3 48. d6 c2 49. Ra1 Rf2 50. Kc5 Rd2 51. Rc1 Kxa6 52. Kc6 f5 53. d7 Ka5 54. Kc7 Ka4 55. d8=Q Rxd8 56. Kxd8 Kb3 57. Ke7 Kb2 58. Rf1 c1=Q 59. Rxc1 Kxc1 60. Kf7 f4 61. Kxg7 f3 62. Kxh6 f2 63. Kg7 f1=Q 64. h6 Qg2+ 65. Kf7 Qb7+ 66. Kg6 Qc6+ 67. Kg7 Qd7+ 68. Kg8 Qe8+ 69. Kg7 Qe7+ 70. Kg8 Qg5+ 71. Kh7 Kd2 72. Kh8 Qxh6+ 73. Kg8 Qg6+ 0-1


[Site "https://www.chess.com"]

[Event "Titled Tuesday Blitz June 20 Late 2023"]
[White "Isajevsky, Anton"]
[Black "KorolDimitriy75"]
[WhiteFideId "4142500"]
[WhiteElo "2510"]
[BlackElo "2424"]
[Result "1-0"]
[Round "5"]
[TimeControl "180+2"]
[Date "2023.06.20"]
[WhiteClock "0:00:10"]
[BlackClock "0:00:00"]
[Board "94"]

1. c4 c5 2. Nc3 g6 3. g3 Bg7 4. Bg2 Nc6 5. Nf3 Nh6 6. d4 cxd4 7. Bxh6 Bxh6 8. Nxd4 Bg7 9. Nb3 O-O 10. O-O d6 11. c5 dxc5 12. Nxc5 Qa5 13. N3a4 Rd8 14. Qe1 Qc7 15. Rc1 Rb8 16. b4 Qd6 17. b5 Nd4 18. e3 Ne6 19. Rd1 Qxd1 20. Qxd1 Rxd1 21. Rxd1 b6 22. Nd7 Bxd7 23. Rxd7 Nc5 24. Nxc5 bxc5 25. a4 Rc8 26. Rxa7 c4 27. Ra8 Rxa8 28. Bxa8 c3 29. Be4 Be5 30. a5 Bd6 31. b6 1-0


[Site "https://www.chess.com"]

[Event "Titled Tuesday Blitz June 20 Late 2023"]
[White "Fiorito, Francisco"]
[Black "Carrasco Miranda, Andres"]
[WhiteFideId "180165"]
[BlackFideId "3405990"]
[WhiteElo "2319"]
[BlackElo "2183"]
[Result "1-0"]
[Round "5"]
[TimeControl "180+2"]
[Date "2023.06.20"]
[WhiteClock "0:01:18"]
[BlackClock "0:00:19"]
[Board "95"]

1. d4 Nf6 2. Nc3 d5 3. Bf4 g6 4. e3 Bg7 5. Nf3 O-O 6. Ne5 Nbd7 7. h4 h5 8. Bd3 c5 9. Qf3 cxd4 10. exd4 Qb6 11. O-O-O Nxe5 12. dxe5 Bg4 13. Qg3 Bxd1 14. exf6 Bxf6 15. Nxd1 Rac8 16. Bh6 Bg7 17. Bxg7 Kxg7 18. Qe5+ Qf6 19. Qxd5 Rfd8 20. Qe4 Rc7 21. Kb1 a6 22. Re1 e6 23. Qe5 Qxe5 24. Rxe5 Rd4 25. g3 Kf6 26. Re1 b5 27. Nc3 Ke7 28. a3 Rc5 29. Kc1 f5 30. Kd2 Kd6 31. f4 e5 32. b4 Rc7 33. Rxe5 Re7 34. Rxe7 Kxe7 35. Ne2 Rd8 36. Ke3 Kd6 37. Nd4 Re8+ 38. Kd2 Kd5 39. Nf3 Re6 40. Ne5 Kd4 41. c3+ Kd5 42. c4+ Kd4 43. Nf3# 1-0


[Site "https://www.chess.com"]

[Event "Titled Tuesday Blitz June 20 Late 2023"]
[White "Mendez Fortes, Eduardo Jesus"]
[Black "Sokolov, Andrei"]
[WhiteFideId "3502376"]
[BlackFideId "11600306"]
[WhiteElo "2307"]
[BlackElo "2473"]
[Result "1-0"]
[Round "5"]
[TimeControl "180+2"]
[Date "2023.06.20"]
[WhiteClock "0:01:10"]
[BlackClock "0:00:24"]
[Board "96"]

1. e4 c6 2. d4 d5 3. e5 Bf5 4. Nf3 e6 5. Be2 c5 6. Be3 Nc6 7. dxc5 Qc7 8. Bb5 a6 9. Ba4 Bg4 10. Nbd2 Nh6 11. Bxh6 gxh6 12. c4 dxc4 13. Ne4 Bxf3 14. Nf6+ Ke7 15. gxf3 Qxe5+ 16. Ne4 Ke8 17. Bxc6+ bxc6 18. Qa4 Kd7 19. O-O-O+ Kc7 20. Qa5+ Kc8 21. Rd8+ Kb7 22. Qb6# 1-0


[Site "https://www.chess.com"]

[Event "Titled Tuesday Blitz June 20 Late 2023"]
[White "Pinheiro, Iung Alicio de O."]
[Black "Herrera, Juan Sebastian"]
[WhiteFideId "2104350"]
[BlackFideId "4403266"]
[WhiteElo "2283"]
[BlackElo "2255"]
[Result "0-1"]
[Round "5"]
[TimeControl "180+2"]
[Date "2023.06.20"]
[WhiteClock "0:00:00"]
[BlackClock "0:00:10"]
[Board "97"]

1. e4 Nf6 2. d3 e5 3. Nf3 Nc6 4. g3 Bc5 5. Bg2 O-O 6. c3 d5 7. Qe2 dxe4 8. dxe4 a5 9. O-O b6 10. Rd1 Qe7 11. Bg5 h6 12. Bxf6 Qxf6 13. Nbd2 Ba6 14. Nc4 a4 15. Nfd2 Na5 16. b4 axb3 17. axb3 Qe6 18. Bf1 Be7 19. b4 Nxc4 20. Nxc4 c5 21. Rxa6 Rxa6 22. Ne3 Ra2 23. Qb5 cxb4 24. Bc4 Ra5 25. Qxa5 bxa5 26. Bxe6 fxe6 27. Rd7 Bc5 28. cxb4 Bxe3 29. fxe3 axb4 30. Rb7 Rf3 31. Rxb4 Rxe3 32. Kf2 Ra3 33. h4 Kf7 34. Rb7+ Kf6 35. Kg2 Ra4 36. Kf3 Rd4 37. Rb8 Kg6 38. g4 Rd3+ 39. Kg2 Re3 40. Rb4 Kf6 41. Kf2 Rh3 42. h5 Ra3 43. Rb7 Rd3 44. Kg2 Re3 45. Rb4 Kg5 46. Rb7 Kxg4 47. Rxg7+ Kxh5 48. Re7 Rxe4 49. Rxe6 Kg5 50. Re8 h5 51. Rg8+ Kh4 52. Kf3 Rg4 53. Re8 e4+ 54. Kf2 Kh3 55. Rh8 h4 56. Rh5 Rg3 57. Rh8 Kg4 58. Rg8+ Kf4 59. Rf8+ Ke5 60. Rh8 Rf3+ 61. Kg2 h3+ 0-1


[Site "https://www.chess.com"]

[Event "Titled Tuesday Blitz June 20 Late 2023"]
[White "Sivakumar, Shaaketh"]
[Black "Hajiyev, Kanan"]
[WhiteFideId "30940176"]
[BlackFideId "13404148"]
[WhiteElo "2174"]
[BlackElo "2115"]
[Result "1-0"]
[Round "5"]
[TimeControl "180+2"]
[Date "2023.06.20"]
[WhiteClock "0:02:00"]
[BlackClock "0:01:20"]
[Board "98"]

1. e4 c6 2. d4 d5 3. e5 a6 4. c4 Bf5 5. Nc3 e6 6. h4 h5 7. Bd3 Bxd3 8. Qxd3 Bb4 9. a3 Bxc3+ 10. bxc3 dxc4 11. Qxc4 Qd5 12. Qxd5 cxd5 13. Rb1 Ra7 14. a4 Nc6 15. Ba3 Na5 16. Nf3 Nc4 17. Bc5 b6 18. Bxb6 Rb7 19. a5 Nxa5 20. Ke2 Nc4 21. Bc5 Rd7 22. Rb8+ Rd8 23. Rhb1 Ne7 24. Bxe7 Kxe7 25. R1b7+ 1-0


[Site "https://www.chess.com"]

[Event "Titled Tuesday Blitz June 20 Late 2023"]
[White "Banzea, Alexandru-Bogdan"]
[Black "Bogaudinov, Rushan"]
[WhiteFideId "1232622"]
[BlackFideId "4129288"]
[WhiteElo "2294"]
[BlackElo "1967"]
[Result "1-0"]
[Round "5"]
[TimeControl "180+2"]
[Date "2023.06.20"]
[WhiteClock "0:00:05"]
[BlackClock "0:00:07"]
[Board "99"]

1. d4 Nf6 2. Nc3 d5 3. Bf4 c6 4. e3 g6 5. h4 h6 6. Nf3 Bg7 7. Ne5 Nbd7 8. Bd3 Nxe5 9. Bxe5 Nh5 10. Bxg7 Nxg7 11. Qe2 Bf5 12. O-O-O Bxd3 13. Qxd3 O-O 14. e4 dxe4 15. Qxe4 Qd6 16. g4 Ne6 17. Kb1 Qf4 18. Qe3 Qxe3 19. fxe3 Rad8 20. Ne4 Kg7 21. c3 b6 22. Rdf1 Nc7 23. Rf3 Nd5 24. Rhf1 f6 25. Nd2 a5 26. e4 Nc7 27. Nc4 Rb8 28. Ne3 a4 29. Kc2 Ne6 30. Nc4 Rfd8 31. e5 Rf8 32. exf6+ exf6 33. Re1 Kf7 34. Nd6+ Ke7 35. Nf5+ Kd7 36. Nxh6 Rh8 37. Rxf6 Rxh6 38. Rfxe6 Rxh4 39. Re7+ Kc8 40. Re8+ Kb7 41. R1e7+ Ka8 42. Rxb8+ Kxb8 43. Re6 Rxg4 44. Rxc6 Kb7 45. Rf6 Rg2+ 46. Kc1 a3 47. bxa3 Rxa2 48. Rxg6 Rxa3 49. Kc2 Kc7 50. Kd3 Ra5 51. Kc4 Ra4+ 52. Kb5 Ra5+ 53. Kb4 Rf5 54. c4 Rf4 55. Rg7+ Kc6 56. d5+ Kd6 57. Rb7 Ke5 58. Rxb6 Rf1 59. Re6+ Kd4 60. Rc6 Rb1+ 61. Ka5 Rb8 62. d6 Ke5 63. c5 Ke6 64. Rc7 Kd5 65. Ka6 Rb2 66. Ka7 Ke6 67. Ka6 Kd5 68. Rb7 Ra2+ 69. Kb6 Rb2+ 70. Kc7 Rc2 71. d7 Rxc5+ 72. Kd8 Kd6 73. Rb6+ Ke5 74. Ke7 Rd5 75. d8=Q Kd4 76. Qxd5+ Kxd5 77. Rd6+ Kc5 78. Ke6 Kb5 79. Rd5+ Kc6 80. Rh5 Kb6 81. Kd6 Kb7 82. Rb5+ Ka6 83. Rb1 Ka5 84. Kc5 Ka6 85. Rb2 Ka7 86. Kc6 Ka6 87. Ra2# 1-0


[Site "https://www.chess.com"]

[Event "Titled Tuesday Blitz June 20 Late 2023"]
[White "Mikhalsky, Vladimir"]
[Black "Perez, Maximiliano"]
[WhiteFideId "14144352"]
[BlackFideId "117234"]
[WhiteElo "2236"]
[BlackElo "2334"]
[Result "1-0"]
[Round "5"]
[TimeControl "180+2"]
[Date "2023.06.20"]
[WhiteClock "0:00:08"]
[BlackClock "0:00:06"]
[Board "100"]

1. d4 Nf6 2. c4 e6 3. g3 d5 4. Bg2 Bb4+ 5. Bd2 Be7 6. Nf3 O-O 7. O-O Nbd7 8. Nc3 dxc4 9. a4 a5 10. e4 c5 11. e5 Nd5 12. Qe2 Nxc3 13. Bxc3 Nb6 14. Rfd1 Qc7 15. h4 Bd7 16. Ng5 h6 17. Ne4 Bxa4 18. dxc5 Bxd1 19. cxb6 Bxe2 20. bxc7 Rfc8 21. Rxa5 Rxa5 22. Bxa5 Bd1 23. Nd6 Bxd6 24. exd6 Ba4 25. Bxb7 Bd7 26. Bxc8 Bxc8 27. Kf1 Kf8 28. Bb4 Ke8 29. Ke2 Kd7 30. Ke3 Bb7 31. Kd4 Ba6 32. Kc5 g6 33. Bd2 h5 34. Bb4 f5 35. Kb6 Bc8 36. Kc5 Ba6 37. Kd4 Bb7 38. Ke5 Bd5 39. Kf6 Bf3 40. Kxg6 Bg4 41. Kf6 f4 42. gxf4 Bf5 43. Kg5 Bg4 44. Kf6 Bf5 45. Ke5 Bg4 46. Kd4 Be2 47. Kc5 Bd3 48. Kb6 Kc8 49. Kc6 Be4+ 50. Kc5 Bd3 51. Kd4 Kd7 52. Ke5 Bf5 53. Kf6 Bg4 54. Bc5 Bh3 55. c8=Q+ Kxc8 56. Ke7 e5 57. fxe5 c3 58. bxc3 Bg4 59. e6 Kb7 60. d7 1-0


[Site "https://www.chess.com"]

[Event "Titled Tuesday Blitz June 20 Late 2023"]
[White "O`Gorman, Tom"]
[Black "Stachanczyk, Jacek"]
[WhiteFideId "2508249"]
[BlackFideId "1116657"]
[WhiteElo "2299"]
[BlackElo "2084"]
[Result "1-0"]
[Round "5"]
[TimeControl "180+2"]
[Date "2023.06.20"]
[WhiteClock "0:00:18"]
[BlackClock "0:00:00"]
[Board "101"]

1. e4 c5 2. Nf3 d6 3. c3 Nf6 4. Be2 Nc6 5. d4 Bd7 6. d5 Nb8 7. Nbd2 g6 8. O-O Bg7 9. c4 O-O 10. Bd3 b5 11. cxb5 a6 12. bxa6 Nxa6 13. Re1 Bg4 14. h3 Bxf3 15. Nxf3 Nd7 16. Bb5 Ne5 17. Nxe5 Bxe5 18. Qe2 Nc7 19. Bc6 Rb8 20. Rb1 Bg7 21. Bf4 e5 22. Bd2 f5 23. f3 Rb6 24. Ba5 Rb8 25. b4 cxb4 26. Rxb4 fxe4 27. fxe4 Qe7 28. Reb1 Rxb4 29. Rxb4 Ne8 30. Rb7 Qh4 31. Be1 Qf4 32. Bd2 Qh4 33. a4 Nf6 34. Rb4 Nh5 35. Be1 Qf4 36. Rb3 Bh6 37. Rf3 Qc1 38. Rxf8+ Kxf8 39. a5 Nf4 40. Qf2 Kg7 41. Kf1 Qc4+ 42. Kg1 Qc1 43. Qf1 Bg5 44. a6 Qa1 45. h4 Bd8 46. g3 Bb6+ 47. Kh2 Qa2+ 48. Kh1 Nh5 49. Be8 1-0


[Site "https://www.chess.com"]

[Event "Titled Tuesday Blitz June 20 Late 2023"]
[White "Shapiro, Viktor"]
[Black "Kujawski, Adam"]
[WhiteFideId "4175700"]
[BlackFideId "1100920"]
[WhiteElo "2212"]
[BlackElo "2054"]
[Result "1-0"]
[Round "5"]
[TimeControl "180+2"]
[Date "2023.06.20"]
[WhiteClock "0:02:01"]
[BlackClock "0:00:03"]
[Board "102"]

1. c4 e5 2. Nc3 Nc6 3. g3 h5 4. h4 d6 5. Bg2 Be6 6. d3 Qd7 7. Nf3 O-O-O 8. Rb1 Nf6 9. Ng5 Bf5 10. b4 Nd4 11. e3 Bg4 12. f3 Re8 13. fxg4 Nxg4 14. exd4 exd4+ 15. Ne2 d5 16. cxd5 f6 17. Ne4 f5 18. Ng5 Rxe2+ 19. Qxe2 Bxb4+ 20. Rxb4 Re8 21. Ne4 fxe4 22. Bxe4 Qd6 23. Rxd4 Qxg3+ 24. Kd2 Kb8 25. Kc2 Rf8 26. Rf1 1-0


[Site "https://www.chess.com"]

[Event "Titled Tuesday Blitz June 20 Late 2023"]
[White "Hoffmann, Asa"]
[Black "Ismayil, Malak"]
[WhiteFideId "2001470"]
[BlackFideId "13412604"]
[WhiteElo "2117"]
[BlackElo "1868"]
[Result "1-0"]
[Round "5"]
[TimeControl "180+2"]
[Date "2023.06.20"]
[WhiteClock "0:00:48"]
[BlackClock "0:00:00"]
[Board "103"]

1. d4 Nf6 2. Bg5 e6 3. Nd2 d5 4. e3 Be7 5. Bd3 O-O 6. f4 c5 7. c3 Nc6 8. Ngf3 h6 9. Bh4 Nd7 10. Bg3 a6 11. O-O b5 12. Ne5 Bb7 13. f5 Ndxe5 14. dxe5 exf5 15. Bxf5 Bc8 16. Qg4 Bxf5 17. Rxf5 Bg5 18. Nf1 Ne7 19. Rf3 Ng6 20. Rd1 Ra7 21. e4 d4 22. cxd4 cxd4 23. e6 fxe6 24. Qxe6+ Kh7 25. Rxf8 Nxf8 26. Qf5+ Kh8 27. h4 Be7 28. Be5 Rd7 29. Rd3 Bxh4 30. Nh2 Bf6 31. Ng4 Bg5 32. Rf3 Kg8 33. Bf4 Bxf4 34. Qxf4 Ne6 35. Qe5 Ng5 36. Rg3 Qe7 37. Qf5 d3 38. Nf2 d2 39. Nd1 Qxe4 40. Qxd7 Qe1+ 41. Kh2 Qxd1 42. Qd8+ 1-0


[Site "https://www.chess.com"]

[Event "Titled Tuesday Blitz June 20 Late 2023"]
[White "D`Arruda, Ricardo D."]
[Black "Harshal, Shahi"]
[WhiteFideId "100692"]
[BlackFideId "5048257"]
[WhiteElo "2535"]
[BlackElo "2054"]
[Result "1-0"]
[Round "5"]
[TimeControl "180+2"]
[Date "2023.06.20"]
[WhiteClock "0:02:24"]
[BlackClock "0:01:46"]
[Board "104"]

1. Nf3 Nf6 2. d4 d5 3. c4 c6 4. e3 Bf5 5. Nc3 e6 6. Bd3 Bg6 7. O-O Nbd7 8. Bxg6 hxg6 9. Qe2 Bd6 10. g3 Ng4 11. e4 dxc4 12. Qxc4 Qf6 13. Qe2 Qe5 14. dxe5 Ndxe5 15. Nxe5 Bxe5 16. Qxg4 1-0


[Site "https://www.chess.com"]

[Event "Titled Tuesday Blitz June 20 Late 2023"]
[White "Perske, Thore"]
[Black "Pinero Rodriguez, Carlos Jose"]
[WhiteFideId "12902195"]
[BlackFideId "3901726"]
[WhiteElo "2336"]
[BlackElo "2146"]
[Result "0-1"]
[Round "5"]
[TimeControl "180+2"]
[Date "2023.06.20"]
[WhiteClock "0:00:20"]
[BlackClock "0:00:57"]
[Board "105"]

1. d4 Nf6 2. g3 e6 3. Bg2 c5 4. Nf3 cxd4 5. O-O Nc6 6. Nxd4 a6 7. c4 Qc7 8. b3 Be7 9. Bb2 O-O 10. e3 d6 11. Nc3 Bd7 12. Rc1 Ne5 13. Ba1 Rac8 14. Qe2 Qb8 15. Rfd1 Rc7 16. h4 Rfc8 17. h5 h6 18. Ne4 Nxe4 19. Bxe4 d5 20. Bd3 Nxd3 21. Qxd3 dxc4 22. Rxc4 Rxc4 23. bxc4 Ba4 24. Rc1 Qc7 25. Qe4 Bf6 26. Qg4 Bd7 27. Qf3 b6 28. Qe4 Bc6 29. Qg4 Bd7 30. Qe4 Rd8 31. Bb2 Bc8 32. Kh2 Bb7 33. Qg4 Kh7 34. Ba1 e5 35. Nf5 Qc6 36. Qh3 Rd2 37. Rf1 Qf3 38. g4 Rxf2+ 39. Rxf2 Qxf2+ 40. Qg2 Qxg2# 0-1


[Site "https://www.chess.com"]

[Event "Titled Tuesday Blitz June 20 Late 2023"]
[White "Martinez, Ayelen"]
[Black "Ozates, Tuna"]
[WhiteFideId "118702"]
[BlackFideId "6354521"]
[WhiteElo "2074"]
[BlackElo "2151"]
[Result "0-1"]
[Round "5"]
[TimeControl "180+2"]
[Date "2023.06.20"]
[WhiteClock "0:00:00"]
[BlackClock "0:00:35"]
[Board "106"]

1. e4 e5 2. Nf3 Nc6 3. Bb5 a6 4. Ba4 Nf6 5. O-O Be7 6. h3 b5 7. Bb3 O-O 8. Re1 d6 9. c3 Na5 10. Bc2 c5 11. d4 Qc7 12. Nbd2 Nc6 13. Nf1 Re8 14. Ng3 h6 15. a4 Rb8 16. axb5 axb5 17. Be3 Bf8 18. d5 Nd8 19. b4 Nb7 20. Ra6 g6 21. Rc6 Qd8 22. bxc5 dxc5 23. Qd2 Kh7 24. Nxe5 Rxe5 25. Bf4 Nd7 26. Qe2 Na5 27. Bxe5 Nxe5 28. f4 Nexc6 29. dxc6 Nxc6 30. e5 Qh4 31. Qf3 Bb7 32. Rd1 Nd4 33. Bxg6+ fxg6 34. Qf2 Qxg3 35. Qxg3 Ne2+ 36. Kh2 Nxg3 37. Rd7+ Bg7 38. Kxg3 Bc8 39. Rd8 b4 40. cxb4 cxb4 41. e6 Bf6 42. Rf8 Kg7 43. Rf7+ Kg8 44. Rxf6 b3 45. e7 Bd7 46. Rxg6+ Kf7 47. Rxh6 b2 48. Rh7+ Ke6 49. f5+ Kd5 50. f6 b1=Q 51. Rh5+ Ke6 52. f7 Kxf7 0-1


[Site "https://www.chess.com"]

[Event "Titled Tuesday Blitz June 20 Late 2023"]
[White "Rodriguez Santiago, Jaime"]
[Black "FoxOnTheRun97"]
[WhiteFideId "3100898"]
[WhiteElo "2025"]
[BlackElo "2528"]
[Result "0-1"]
[Round "5"]
[TimeControl "180+2"]
[Date "2023.06.20"]
[WhiteClock "0:01:04"]
[BlackClock "0:00:42"]
[Board "107"]

1. c4 Nf6 2. Nc3 c6 3. d4 d5 4. cxd5 cxd5 5. Bf4 a6 6. e3 Nc6 7. Be2 e6 8. a3 Bd6 9. Bg5 b5 10. f4 Bb7 11. Nf3 Na5 12. O-O Nc4 13. Bxc4 dxc4 14. Ne5 Be7 15. Rc1 O-O 16. Qe2 Ne4 17. Bxe7 Qxe7 18. Nxe4 Bxe4 19. Rf2 Rfe8 20. Rcf1 f6 21. Nf3 Bd3 22. Qd2 Bxf1 23. Rxf1 Rad8 24. g4 e5 25. fxe5 fxe5 26. Qf2 exd4 27. exd4 Qe3 28. Qxe3 Rxe3 29. Kf2 Rd3 30. Re1 Rf8 0-1


[Site "https://www.chess.com"]

[Event "Titled Tuesday Blitz June 20 Late 2023"]
[White "disciplinedbrat"]
[Black "Badelka, Olga"]
[BlackFideId "13509926"]
[WhiteElo "2257"]
[BlackElo "2375"]
[Result "0-1"]
[Round "5"]
[TimeControl "180+2"]
[Date "2023.06.20"]
[WhiteClock "0:00:00"]
[BlackClock "0:00:10"]
[Board "108"]

1. d3 Nf6 2. g3 d5 3. Bg2 c5 4. c4 e6 5. Nf3 Nc6 6. O-O Bd6 7. cxd5 exd5 8. d4 O-O 9. dxc5 Bxc5 10. Nc3 h6 11. Nb5 a6 12. Nbd4 Ne4 13. Be3 Qb6 14. Qb3 Qxb3 15. Nxb3 Bxe3 16. fxe3 Bg4 17. Rad1 Rfd8 18. a3 Rac8 19. Nbd4 Bxf3 20. exf3 Nc5 21. f4 Na4 22. Nf5 Nxb2 23. Rxd5 Nc4 24. Rc5 Nd2 25. Rd1 Kf8 26. Bxc6 bxc6 27. Nd4 Ne4 28. Re5 Nc3 29. Rc1 Nb5 30. Nxc6 Rd2 31. Rec5 Nxa3 32. Nd4 Rxc5 33. Rxc5 g6 34. Ra5 Nc4 35. Rxa6 Nxe3 36. Nf3 Rg2+ 37. Kh1 Rf2 38. Ng1 Ng4 0-1


[Site "https://www.chess.com"]

[Event "Titled Tuesday Blitz June 20 Late 2023"]
[White "Siniauski, Artsiom"]
[Black "Boder, Jan"]
[WhiteFideId "13512269"]
[BlackFideId "16243226"]
[WhiteElo "2065"]
[BlackElo "2241"]
[Result "1-0"]
[Round "5"]
[TimeControl "180+2"]
[Date "2023.06.20"]
[WhiteClock "0:02:22"]
[BlackClock "0:02:01"]
[Board "109"]

1. e4 e5 2. Nf3 Nf6 3. d4 Nxe4 4. Bd3 d5 5. Nxe5 Nd7 6. O-O Nxe5 7. dxe5 Bc5 8. Bxe4 dxe4 9. Qxd8+ Kxd8 10. Nc3 Bf5 11. Bg5+ Kd7 12. Rad1+ Ke6 13. Nd5 Bb6 14. Nf4+ Kxe5 15. Rd5# 1-0


[Site "https://www.chess.com"]

[Event "Titled Tuesday Blitz June 20 Late 2023"]
[White "Taranenko, Evgueniy"]
[Black "Diaz Rosas, Julio Cesar"]
[WhiteFideId "14122138"]
[BlackFideId "5105099"]
[WhiteElo "2101"]
[BlackElo "2284"]
[Result "1-0"]
[Round "5"]
[TimeControl "180+2"]
[Date "2023.06.20"]
[WhiteClock "0:00:23"]
[BlackClock "0:00:11"]
[Board "110"]

1. e4 c5 2. Nf3 d6 3. d4 cxd4 4. Nxd4 Nf6 5. f3 e5 6. Bb5+ Nbd7 7. Nf5 Qc7 8. Nc3 a6 9. Bxd7+ Bxd7 10. Bg5 Be6 11. Bxf6 gxf6 12. Nd5 Bxd5 13. Qxd5 Rg8 14. g3 Qxc2 15. Qxb7 Rc8 16. O-O Qc6 17. Qxc6+ Rxc6 18. Rac1 Kd7 19. Rxc6 Kxc6 20. Rc1+ Kd7 21. Rc4 Be7 22. Ra4 Ra8 23. b4 Bd8 24. Ra3 Bc7 25. Rd3 Rb8 26. a3 Rb6 27. Kf2 Rc6 28. Kg2 Rc2+ 29. Kh3 Ra2 30. g4 Rb2 31. Kg3 Bb8 32. h3 Kc6 33. Kh4 Rh2 34. Rc3+ Kd7 35. Rd3 Ke6 36. Rd5 Bc7 37. Rd3 Kd7 38. a4 Rb2 39. b5 axb5 40. axb5 Rxb5 41. Kh5 Rb2 42. Kh6 Rh2 43. h4 Bb8 44. Kxh7 Ke8 45. Kg8 Ba7 46. h5 Bc5 47. Nxd6+ Ke7 48. Nf5+ Ke8 49. h6 1-0


[Site "https://www.chess.com"]

[Event "Titled Tuesday Blitz June 20 Late 2023"]
[White "Sanchez, Robert"]
[Black "Petukhov, Dmitry"]
[WhiteFideId "2034360"]
[BlackFideId "4142748"]
[WhiteElo "2080"]
[BlackElo "2311"]
[Result "0-1"]
[Round "5"]
[TimeControl "180+2"]
[Date "2023.06.20"]
[WhiteClock "0:02:07"]
[BlackClock "0:02:16"]
[Board "111"]

1. e4 c5 2. Nf3 d6 3. d4 cxd4 4. Nxd4 Nf6 5. Nc3 Nc6 6. Bg5 Bd7 7. f3 Rc8 8. Qd2 Nxd4 9. Qxd4 Qa5 10. Bd2 Qc5 11. Qd3 a6 12. O-O-O g6 13. Kb1 Bg7 14. h4 Be6 15. Be3 Qa5 16. Nd5 Nxd5 17. exd5 Bf5 18. Qxf5 gxf5 19. Bd3 0-1


[Site "https://www.chess.com"]

[Event "Titled Tuesday Blitz June 20 Late 2023"]
[White "Fernandez Guillen, Ernesto J."]
[Black "Jiang, Andrew"]
[WhiteFideId "3512428"]
[BlackFideId "30953510"]
[WhiteElo "2434"]
[BlackElo "1883"]
[Result "1-0"]
[Round "5"]
[TimeControl "180+2"]
[Date "2023.06.20"]
[WhiteClock "0:00:07"]
[BlackClock "0:00:05"]
[Board "112"]

1. e4 e5 2. f4 d5 3. exd5 exf4 4. Nf3 Nf6 5. Nc3 c6 6. d4 cxd5 7. Bxf4 Bb4 8. Bb5+ Nc6 9. O-O O-O 10. Ne5 Qb6 11. Nxc6 bxc6 12. Bd3 Bg4 13. Qe1 Rae8 14. Qg3 Qxd4+ 15. Kh1 Bh5 16. a3 Ba5 17. b4 Bb6 18. Na4 Ne4 19. Qh4 Nf2+ 20. Rxf2 Qxa1+ 21. Rf1 Qxa3 22. Nxb6 axb6 23. Qxh5 g6 24. Qh6 Qxb4 25. h4 Re1 26. Rxe1 Qxe1+ 27. Kh2 b5 28. Qg5 f6 29. Qg4 Qe7 30. h5 f5 31. Qg3 Qg7 32. Bg5 gxh5 33. Qf4 b4 34. Bh6 Qf6 35. Bxf8 Kxf8 36. Qb8+ Kg7 37. Qxb4 d4 38. Qb7+ Kg6 39. Kg1 Qe6 40. Qb1 Qe3+ 41. Kh1 h4 42. Qf1 Qe5 43. Qf3 c5 44. Qc6+ Kg5 45. Qf3 h5 46. Be2 Qg3 47. Qxh5+ Kf6 48. Qh6+ Ke5 49. Qh8+ Kf4 50. Qh6+ Ke4 51. Bf3+ Ke5 52. Qh8+ Ke6 53. Qe8+ Kf6 54. Qe2 c4 55. Kg1 c3 56. Qa6+ Ke5 57. Qe2+ Kf4 58. Kf1 Qh2 59. Qe8 Qh1+ 60. Kf2 Qc1 61. Qb8+ Kg5 62. Qd8+ Kg6 63. Qd6+ Kf7 64. Qd7+ Kf6 65. Qd6+ Kg5 66. Qd8+ Kf4 67. Qxd4+ Kg5 68. Qe3+ Qxe3+ 69. Kxe3 Kf6 70. Kd3 Ke5 71. Kxc3 Kf4 72. Bc6 Kg3 73. Kd4 f4 74. Ke5 h3 75. gxh3 f3 76. Bxf3 Kxf3 1-0


[Site "https://www.chess.com"]

[Event "Titled Tuesday Blitz June 20 Late 2023"]
[White "Adewumi, Tanitoluwa"]
[Black "Itkis, Boris"]
[WhiteFideId "30966396"]
[BlackFideId "1209167"]
[WhiteElo "2661"]
[BlackElo "2219"]
[Result "1-0"]
[Round "5"]
[TimeControl "180+2"]
[Date "2023.06.20"]
[WhiteClock "0:01:49"]
[BlackClock "0:02:07"]
[Board "113"]

1. e4 e6 2. d4 d5 3. exd5 exd5 4. Nf3 Nf6 5. Bd3 c5 6. c3 c4 7. Bc2 Bd6 8. O-O O-O 9. Bg5 Be6 10. Nbd2 Nbd7 11. Re1 h6 12. Bh4 b5 13. Ne5 Qc7 14. f4 Bg4 15. Nxg4 1-0


[Site "https://www.chess.com"]